 Dungeon Crawl Stone Soup version 0.16-a0-4113-g7d8e295 (webtiles) character file.

82 Kaesh the Cutter (level 4, -2/28 HPs)
             Began as a Kobold Berserker on Feb 28, 2015.
             Was a Believer of Trog.
             Slain by an iguana (7 damage)
             ... on level 3 of the Dungeon.
             The game lasted 00:05:53 (1474 turns).

Kaesh the Cutter (Kobold Berserker)                 Turns: 1474, Time: 00:05:53

Health: -2/28      AC:  8    Str: 16    XL:     4   Next: 70%
Magic:  4/4        EV: 15    Int:  5    God:    Trog [**....]
Gold:   116        SH:  0    Dex: 15    Spells: 0 memorised, 3 levels left

rFire  . . .     SeeInvis .     a - +0 short sword
rCold  . . .     Clarity  .     i - +0 ring mail
rNeg   + . .     SustAb   .     (no shield)
rPois  .         Gourm    .     (no helmet)
rElec  .         Spirit   .     (no cloak)
rCorr  .         Warding  +     n - +2 pair of gloves
rMut   .         Stasis   .     (no boots)
MR     .....                    k - amulet of warding
Stlth  +.........               (no ring)
                                (no ring)

@: exhausted, not resistant to hostile enchantments, very unstealthy
A: carnivore 3
a: Burn Spellbooks, Berserk, Trog's Hand, Renounce Religion


You were on level 3 of the Dungeon.
You worshipped Trog.
Trog was pleased with you.
You were full.

You visited 1 branch of the dungeon, and saw 3 of its levels.

You collected 116 gold pieces.

Inventory:

Hand weapons
 a - a +0 short sword (weapon)
Armour
 b - a +0 animal skin
 i - a +0 ring mail (worn)
 n - a +2 pair of gloves (worn)
Jewellery
 k - an amulet of warding (around neck)
 q - an uncursed ring of stealth {unknown}
Scrolls
 d - a scroll of noise {unknown}
 g - a scroll of remove curse {unknown}
 h - a scroll of blinking {unknown}
 j - a scroll of magic mapping {unknown}
 o - 2 scrolls of identify {unknown}
 p - a scroll of amnesia {unknown}
Potions
 e - 2 potions of agility {unknown}
 f - a potion of curing {unknown}
 l - 2 potions of flight {unknown}
 m - 3 potions of resistance {unknown}
Comestibles
 c - 2 meat rations


   Skills:
 + Level 3.6 Fighting
 + Level 4.9 Short Blades
 + Level 2.0 Armour
 + Level 3.8 Dodging
 + Level 1.1 Stealth


You had 3 spell levels left.
You didn't know any spells.

Dungeon Overview and Level Annotations

Branches:
Dungeon (3/15)

Altars:


Innate Abilities, Weirdness & Mutations

You are small and have problems with some larger weapons.
You are carnivorous and can eat meat at any time.


Message History

The iguana bites you!
* * * LOW HITPOINT WARNING * * *
A bat comes into view.
You are too injured to fight recklessly!
You are too injured to fight recklessly!
You are too injured to fight recklessly!
You are too injured to fight recklessly!
You are too injured to fight recklessly!
You are too injured to fight recklessly!
You are too injured to fight recklessly!
You hit the iguana.
The iguana is severely wounded.
The iguana barely misses you.
You closely miss the iguana.
The iguana is severely wounded.
The iguana bites you but does no damage.
You hit the iguana but do no damage.
The iguana is severely wounded.
The iguana bites you!
You die...

.#.... ##.#####.......#
##....# ............## #
#..# ###..#......# ###..#
# ....#......# .....# ###.
##. ##....## ...#.##...
###### #..### ........#
##..## #<..
#.#...(#####....###.#.####
................@lb[......
.##.....<.......####...#..
. #......#.#.?..# ... #
##.....#.##..## #
##...##.##### ......#.#
##.##...# #.# #... #.. #.#


You could see an iguana and a bat.

Vanquished Creatures
  Natasha (twice) (D:3)
  An adder (D:3)
  An ooze (D:1)
  An orc (D:3)
  4 bats
  2 giant cockroaches
  4 goblins
  4 hobgoblins
  6 jackals (D:1)
  A quokka (D:2)
  A ball python (D:3)
  4 giant newts
  4 rats
35 creatures vanquished.

Notes
Turn   | Place    | Note
--------------------------------------------------------------
     0 | D:1      | Kaesh, the Kobold Berserker, began the quest for the Orb.
     0 | D:1      | Reached XP level 1. HP: 14/14 MP: 1/1
   369 | D:1      | Reached XP level 2. HP: 19/19 MP: 2/2
   663 | D:1      | Reached XP level 3. HP: 19/23 MP: 3/3
  1244 | D:2      | You fall through a shaft!
  1247 | D:3      | Acquired Trog's second power
  1348 | D:3      | Noticed Natasha
  1359 | D:3      | Killed Natasha
  1359 | D:3      | Reached skill level 1 in Stealth
  1359 | D:3      | Reached XP level 4. HP: 28/28 MP: 4/4
  1425 | D:3      | Noticed Natasha
  1435 | D:3      | Killed Natasha
  1474 | D:3      | Slain by an iguana

Action                   |  1- 3 |  4- 6 || total
-------------------------+-------+-------++-------
Melee: Short sword       |   136 |    31 ||   167
Invok: Berserk           |     3 |     1 ||     4
 Stab: Sleeping          |     1 |       ||     1
  Eat: Chunk             |     8 |     2 ||    10
